 Dungeon Crawl Stone Soup version 0.28-a0-863-g8cecda6153 (webtiles) character file.

Game seed: 2058318454328597923

28 vineage the Chopper (level 3, 24/28 HPs)
             Began as a Demonspawn Gladiator on Nov 18, 2021.
             Quit the game on level 2 of the Dungeon.
             The game lasted 00:02:22 (1235 turns).

vineage the Chopper (Demonspawn Gladiator)          Turns: 1235, Time: 00:02:22

Health: 24/28      AC:  5    Str: 15    XL:     3   Next: 0%
Magic:  3/3        EV: 12    Int: 15    God:
Gold:   40         SH:  5    Dex: 14    Spells: 2/2 levels left

rFire   . . .      SeeInvis .   e - +1 falchion (vorpal)
rCold   . . .      Faith    .   (no shield)
rNeg    . . .      Spirit   .   b - +0 leather armour
rPois   .          Reflect  +   c - +0 helmet
rElec   .          Harm     .   l - scarf {repulsion}
rCorr   .          Rampage  .   (no gloves)
Will    .....                   (no boots)
Stlth   +.........              g - amulet of reflection
HPRegen 0.09/turn               j - +6 ring of intelligence
MPRegen 0.08/turn               (no ring)

@: repel missiles
A: sharp scales 1, demonic magic 1
a: no special abilities


You were on level 2 of the Dungeon.
You visited 1 branch of the dungeon, and saw 2 of its levels.

You collected 40 gold pieces.

Inventory:

Hand Weapons
 a - a +0 war axe
 e - a +1 vorpal falchion (weapon)
Missiles
 d - 3 throwing nets (quivered)
Armour
 b - a +0 leather armour (worn)
 c - a +0 helmet (worn)
 l - a scarf of repulsion (worn)
Jewellery
 g - an amulet of reflection (around neck)
 j - a +6 ring of intelligence (left hand)
Potions
 f - a potion of resistance {unknown}
 h - a potion of cancellation {unknown}
 i - a potion of mutation {unknown}


   Skills:
 + Level 2.9 Fighting
 - Level 2.9 Axes
 - Level 2.0 Throwing
 - Level 2.8 Dodging


You had 2 spell levels left.
You didn't know any spells.
Your spell library was empty.

Dungeon Overview and Level Annotations

Branches:
Dungeon (2/15)

Altars:

Shops:
D:2 *[!


Innate Abilities, Weirdness & Mutations

You are partially covered in razor-sharp scales. (AC +1, Slay +1)
Spells you cast may paralyse adjacent enemies.


Message History

The kobold misses you.
You hit the kobold.
You kill the kobold!
No target in view!
No target in view!
No target in view!
No target in view!
No target in view!
No target in view!
No target in view!
No target in view!
No target in view!
There is an entrance to Locsouwn's Distillery here.
You see here a +2 dagger of flaming.
Found 4 arrows.
Found a hand axe.
You see here 4 arrows.
Found 26 stones.
You now have 40 gold pieces (gained 4).
Found a stone staircase leading down.
i - a puce potion
There is a stone staircase leading down here.
A kobold comes into view. It is wielding a +0 whip.
A kobold is nearby!
The kobold closely misses you.
You hit the kobold.
The kobold is severely wounded.
The kobold hits you with a +0 whip.
You closely miss the kobold.
The kobold is severely wounded.
The kobold hits you with a +0 whip.
You hit the kobold.
You kill the kobold!
You have reached level 3!
Your experience leads to an increase in your attributes!
Your base attributes are Str 14, Int 9, Dex 14.
Increase (S)trength, (I)ntelligence, or (D)exterity?
You feel stronger.
Your demonic ancestry asserts itself...
A menacing aura infuses your magic.
Are you sure you want to abandon this character and quit the game? (Confirm with "yes".)

**,,,**,,,,,**,,* *,*,>*
,*,,,*,,,,,,,*#.* *,*,,*
,+...+,,,,,,,*#.* *,*,,*
,#...#,,,,,,,*#.* *,*,,*
*#...#*,,,,,*##.### *,,,,,
*#...#**,,,***....###********,,**
#...# ##### *#.....,,,,,,,,,,,*
*#...###...## #)..#**********,**
*#.†.##.....###.@.# *,*
,#...#.......##...# **,**
,+...'.......##...# **,*,**
,#...#.......#....# **,***,*
*#...##.....####..# **,** **,
*#...###...## #..# *,** ** #...#
##### ###..# **,** **,
##...###...###....# **,***,*
##...##.....####.## **,*,**


There were no monsters in sight!

Vanquished Creatures
  A dart slug (D:1)
  3 ball pythons
  4 endoplasms
  2 goblins
  2 hobgoblins (D:1)
  2 jackals (D:2)
  2 kobolds (D:2)
  A quokka (D:1)
  5 bats
22 creatures vanquished.

Notes
Turn   | Place    | Note
-------+----------+-------------------------------------------
     0 | D:1      | vineage the Demonspawn Gladiator began the quest for the
                  | Orb.
     0 | D:1      | Reached XP level 1. HP: 16/16 MP: 1/1
   110 | D:1      | Found a faded altar of an unknown god.
   237 | D:1      | Gained mutation: You are partially covered in razor-sharp
                  | scales. (AC +1, Slay +1) [demonic ancestry]
   237 | D:1      | Reached XP level 2. HP: 22/22 MP: 2/2
   838 | D:2      | Found Ecysoil's Armour Boutique.
   898 | D:2      | Found Leirijuq's General Store.
  1068 | D:2      | Found Locsouwn's Distillery.
  1235 | D:2      | Gained mutation: Spells you cast may paralyse adjacent
                  | enemies. [demonic ancestry]
  1235 | D:2      | Reached XP level 3. HP: 24/28 MP: 3/3
  1235 | D:2      | Quit the game

Illustrated notes

Levels and vault maps discovered:
D:1:      dpeg_arrival_lava_temple_mockup, layout_basic,
          hellmonk_ecumenical_altar_lost_god, serial_park_tiny_1
D:2:      kennysheep_six_static_rooms, layout_loops_ring, serial_shops,
          nicolae_shop_bloodbath_and_beyond, shop, nicolae_shop_behind_doors,
          nicolae_shop_stone, shop, chequers_avenue

Skill      XL: |  1 |
---------------+----+-----
Throwing       | 2 |  2.0
Fighting       | |  2.9
Axes           | |  2.9
Dodging        | |  2.8

Action                   || total
-------------------------++-------
Melee: War axe           ||     9
       Falchion          ||    38
  Use: Scroll            ||     2
 Stab: Sleeping          ||     1
Armor: Leather armour    ||    21
Dodge: Dodged            ||    36
Block: Other             ||     3

Table legend: (Time is in decaauts)
 A = Elapsed time spent in this place.
 B = Non-inter-level travel time spent in this place.
 C = Inter-level travel time spent in this place.
 D = Time resting spent in this place.
 E = Time spent auto-exploring this place.
 F = Levels seen in this place.
 G = Mean time per level.
                   A        B        C        D        E       F      G
               +--------+--------+--------+--------+--------+-----+--------+
         Total |   1248 |   1192 |     56 |      0 |   1026 |   2 |  624.0 |
       Dungeon |   1248 |   1192 |     56 |      0 |   1026 |   2 |  624.0 |
               +--------+--------+--------+--------+--------+-----+--------+

Top non-repeatable levels by time:
     D:1: 845 daAuts
     D:2: 402 daAuts
